 Dungeon Crawl Stone Soup version 0.23.0 (webtiles) character file.

Game seed: 2744222967177828677

28 LostNumber the Chopper (level 3, -5/33 HPs)
             Began as a Hill Orc Monk on Feb 12, 2019.
             Was a Believer of Zin.
             Slain by a bullfrog (9 damage)
             ... on level 2 of the Dungeon.
             The game lasted 00:03:18 (1773 turns).

LostNumber the Chopper (Hill Orc Monk)              Turns: 1773, Time: 00:03:19

Health: -5/33      AC:  2    Str: 15    XL:     3   Next: 14%
Magic:  1/3        EV: 13    Int: 11    God:    Zin [**....]
Gold:   54         SH:  0    Dex: 14    Spells: 2/2 levels left

rFire    . . .     SeeInvis .   a - +0 hand axe
rCold    . . .     Gourm    .   (no shield)
rNeg     . . .     Faith    .   b - +0 robe
rPois    ∞         Spirit   .   (no helmet)
rElec    .         Reflect  .   (no cloak)
rCorr    .         Harm     .   (no gloves)
MR       .....                  (no boots)
Stlth    ++........             (no amulet)
HPRegen  0.11/turn              (no ring)
MPRegen  0.08/turn              (no ring)

@: vitalised
A: no striking features
a: Recite, Vitalisation, Donate Gold, Renounce Religion


You were on level 2 of the Dungeon.
You worshipped Zin.
Zin was pleased with you.
You were near starving.

You visited 1 branch of the dungeon, and saw 2 of its levels.

You collected 59 gold pieces.
You donated 5 gold pieces to Zin.

Inventory:

Hand Weapons
 a - a +0 hand axe (weapon)
Missiles
 d - 2 throwing nets {!f}
 f - 3 tomahawks of returning (quivered)
Armour
 b - a +0 robe (worn)
Scrolls
 c - 3 scrolls of teleportation {unknown}
 g - a scroll of fog {unknown}
 h - a scroll of amnesia {unknown}
 i - a scroll of magic mapping {unknown}
 j - a scroll of identify {unknown}
 l - a scroll of remove curse {unknown}
Potions
 k - a potion of curing {unknown}
Comestibles
 e - 4 rations {!d}


   Skills:
 + Level 4.1 Fighting
 * Level 5.1 Axes
 - Level 2.4 Dodging
 - Level 1.5 Stealth
 + Level 0.0 Invocations


You had 2 spell levels left.
You didn't know any spells.
Your spell library was empty.

Dungeon Overview and Level Annotations

Branches:
Dungeon (2/15)

Altars:
Zin


Message History

You start waiting.
Done waiting.
The gnoll is too close now for your liking.
A gnoll is nearby!
The gnoll shouts!
You hear a shout!
Throwing (i - inventory. (/) - cycle)
f - 5 tomahawks of returning (quivered)
Aim: a gnoll, wielding a +0 spear You throw a tomahawk of returning.
The tomahawk of returning hits the gnoll but does no damage.
The tomahawk of returning fails to return to your pack!
You hear a shout!
A gnoll comes into view. It is wielding a +0 whip.
A bullfrog comes into view.
A gnoll comes into view. It is wielding a +0 club.
The gnoll moves out of view.
You hear a shout!
Throwing (i - inventory. (/) - cycle)
f - 4 tomahawks of returning (quivered)
Aim: a gnoll, wielding a +0 spear You throw a tomahawk of returning.
The tomahawk of returning hits the gnoll.
The tomahawk of returning fails to return to your pack!
A gnoll comes into view. It is wielding a +0 spear.
The bullfrog misses you. The bullfrog hits you! The bullfrog barely misses you.
The bullfrog hits you.
There is a glowing silver altar of Zin here.
The bullfrog closely misses you.
You see here a hand axe.
The bullfrog hits you.
The bullfrog snags a nearby small bird with its tongue.
The bullfrog hits you. The bullfrog barely misses you.
Zin grants you divine stamina. The bullfrog closely misses you.
You hit the bullfrog. The bullfrog misses you. The bullfrog barely misses you.
You are near starving!
You closely miss the bullfrog. The bullfrog hits you.
The bullfrog closely misses you.
You barely miss the bullfrog.
The gnoll hits you from afar with a +0 spear.
* * * LOW HITPOINT WARNING * * *
The bullfrog closely misses you. The bullfrog hits you.
* * * LOW HITPOINT WARNING * * *
You hit the bullfrog. The bullfrog barely misses you.
The gnoll hits you from afar with a +0 spear.
* * * LOW HITPOINT WARNING * * *
The bullfrog hits you!
You die...

###.##.# #.# ##....# #.#
#..##.#####.# #............
####### #............
......###############.#8###8###.#
......................###########
#####.###############....(.......
................@Fg.ggg).._......
#####.###############..##.######g
#.# ##.##(# #. #.# #.##)# #. #.#
####.##.# #. #.# #.....#)# ## ###
#.# #.###.#)# ... .#
#.###...####### ###
#..............


You could see a bullfrog and 4 gnolls.

Vanquished Creatures
  An adder (D:2)
  A worm (D:1)
  A giant cockroach (D:1)
  2 goblins (D:2)
  5 hobgoblins
  2 kobolds
  A bat (D:1)
  2 rats (D:1)
15 creatures vanquished.

Notes
Turn   | Place    | Note
-------+----------+-------------------------------------------
     0 | D:1      | LostNumber the Hill Orc Monk began the quest for the Orb.
     0 | D:1      | Reached XP level 1. HP: 19/19 MP: 1/1
   870 | D:1      | Reached XP level 2. HP: 19/27 MP: 2/2
  1094 | D:2      | Reached skill level 5 in Axes
  1391 | D:2      | Reached XP level 3. HP: 25/33 MP: 3/3
  1505 | D:2      | Found a glowing silver altar of Zin.
  1535 | D:2      | Became a worshipper of Zin the Law-Giver
  1535 | D:2      | Reached * piety under Zin
  1535 | D:2      | Reached ** piety under Zin
  1745 | D:2      | Noticed a bullfrog
  1773 | D:2      | Slain by a bullfrog

Skill      XL: |  1  2 |
---------------+-------+-----
Fighting       | 4 |  4.1
Axes           | 5 |  5.1
Dodging        | |  2.4
Stealth        | |  1.5

Action                   || total
-------------------------++-------
Melee: Hand axe          ||    49
Throw: Tomahawk          ||     5
Invok: Vitalisation      ||     1
 Stab: Sleeping          ||     1
  Eat: Chunk             ||     1
Armor: Robe              ||     3
Dodge: Dodged            ||    32
